PAA
MERCER ISLAND SCREAMING EAGLES @ TACOMA FUR TRADERS
06/30/2031
 
TOP OF THE 1ST
Mercer Island Screaming Eagles batting - Pitching for Tacoma Fur Traders : LHP Domingo Montémayor
Pitching: LHP Domingo Montémayor
Batting: RHB Edwin Berns 0-0: Swinging Strike
0-1: Ball
1-1: Ball
2-1: Called Strike
2-2: Foul Ball, location: 2F
2-2: Foul Ball, location: 2F
2-2: Ball
3-2: Ground out 5-3 (Groundball, 2L)
Batting: RHB Pedro Hernández 0-0: Ball
1-0: Called Strike
1-1: Foul Ball, location: 2F
1-2: Strikes out swinging
Batting: RHB António Ramírez 0-0: Ball
1-0: Called Strike
1-1: Ball
2-1: Fly out, F9 (Line Drive, 9)
Top of the 1st over - 0 runs, 0 hits, 0 errors, 0 left on base; Mercer Island 0 - Tacoma 0
BOTTOM OF THE 1ST
Tacoma Fur Traders batting - Pitching for Mercer Island Screaming Eagles : RHP Harrison Tuff
Pitching: RHP Harrison Tuff
Batting: RHB Jeremy Geertsen 0-0: Ground out 1-3 (Groundball, 13S)
Batting: RHB Michael Palledorous 0-0: Ball
1-0: Called Strike
1-1: Called Strike
1-2: Ground out 6-3 (Groundball, 6)
Batting: RHB Daryl Yandell 0-0: Called Strike
0-1: Ball
1-1: Foul Ball, location: 2F
1-2: Strikes out swinging
Bottom of the 1st over - 0 runs, 0 hits, 0 errors, 0 left on base; Mercer Island 0 - Tacoma 0
TOP OF THE 2ND
Mercer Island Screaming Eagles batting - Pitching for Tacoma Fur Traders : LHP Domingo Montémayor
Batting: SHB Ray Davis 0-0: Called Strike
0-1: Ball
1-1: Ball
2-1: Called Strike
2-2: Foul Ball, location: 2F
2-2: SINGLE (Line Drive, 4M)
Batting: RHB Raúl Moreno 0-0: Called Strike
0-1: Grounds into double play, 4-6-3 (Groundball, 4)
Batting: RHB Wade Killefer 0-0: Called Strike
0-1: Ball
1-1: Foul Ball, location: 2F
1-2: Ball
2-2: Foul Ball, location: 2F
2-2: Ball
3-2: Foul Ball, location: 2F
3-2: Fly out, F4 (Line Drive, 4)
Top of the 2nd over - 0 runs, 1 hit, 0 errors, 0 left on base; Mercer Island 0 - Tacoma 0
BOTTOM OF THE 2ND
Tacoma Fur Traders batting - Pitching for Mercer Island Screaming Eagles : RHP Harrison Tuff
Batting: RHB Amon-Ra St. Brown 0-0: Swinging Strike
0-1: Ball
1-1: Ball
2-1: Ground out U3 (Groundball, 34S)
Batting: RHB Mike Case 0-0: Ball
1-0: Fly out, F3 (Popup, 3S)
Batting: RHB Alan Patterson 0-0: Ball
1-0: Foul Ball, location: 2F
1-1: Swinging Strike
1-2: Fly out, F6 (Line Drive, 6)
Bottom of the 2nd over - 0 runs, 0 hits, 0 errors, 0 left on base; Mercer Island 0 - Tacoma 0
TOP OF THE 3RD
Mercer Island Screaming Eagles batting - Pitching for Tacoma Fur Traders : LHP Domingo Montémayor
Batting: RHB Rubén Vásquez 0-0: Ball
1-0: SINGLE (Groundball, 56D)
Batting: SHB Edward Sterrenburg 0-0: Ball
1-0: Swinging Strike
1-1: Ball
2-1: Called Strike
2-2: Strikes out looking
Batting: RHB Stanley van de Ven 0-0: Called Strike
0-1: Called Strike
0-2: Foul Ball, location: 2F
0-2: Ball
1-2: SINGLE (Flyball, 8LS)
Rubén Vásquez to second
Batting: RHB Edwin Berns 0-0: Ball
1-0: SINGLE (Line Drive, 6D)
Rubén Vásquez to third
Stanley van de Ven to second
Batting: RHB Pedro Hernández 0-0: Ball
1-0: Foul Ball, location: 2F
1-1: Foul Ball, location: 2F
1-2: Fly out, F8 (Flyball, 8LM)
Runner from 3rd tags up, SCORES, throw made
Now at 2B: Ricardo Sandoval
Batting: RHB António Ramírez 0-0: Ball
1-0: Ball
2-0: Called Strike
2-1: Foul Ball, location: 2F
2-2: Foul Ball, location: 2F
2-2: Strikes out swinging
Top of the 3rd over - 1 run, 3 hits, 0 errors, 2 left on base; Mercer Island 1 - Tacoma 0
BOTTOM OF THE 3RD
Tacoma Fur Traders batting - Pitching for Mercer Island Screaming Eagles : RHP Harrison Tuff
Batting: RHB Ricardo Sandoval 0-0: Called Strike
0-1: Fly out, F7 (Flyball, 7)
Batting: RHB Bill Perkins 0-0: Called Strike
0-1: Ball
1-1: Foul Ball, location: 2F
1-2: Ground out 4-3 (Groundball, 4)
Batting: RHB Gerardo Herváz 0-0: Called Strike
0-1: Ball
1-1: Swinging Strike
1-2: Foul Ball, location: 2F
1-2: SINGLE (Line Drive, 6MD)
Batting: RHB Jeremy Geertsen 0-0: Called Strike
0-1: Ball
1-1: Foul Ball, location: 2F
1-2: Foul Ball, location: 2F
1-2: Foul Ball, location: 2F
1-2: Ground out 4-3 (Groundball, 4S)
Bottom of the 3rd over - 0 runs, 1 hit, 0 errors, 1 left on base; Mercer Island 1 - Tacoma 0
TOP OF THE 4TH
Mercer Island Screaming Eagles batting - Pitching for Tacoma Fur Traders : LHP Domingo Montémayor
Batting: SHB Ray Davis 0-0: Ground out 4-3 (Groundball, 34)
Batting: RHB Raúl Moreno 0-0: Ball
1-0: Foul Ball, location: 2F
1-1: Foul Ball, location: 2F
1-2: Foul Ball, location: 2F
1-2: Fly out, F9 (Line Drive, 9D)
Batting: RHB Wade Killefer 0-0: Ball
1-0: SINGLE (Groundball, 6D)
Batting: RHB Rubén Vásquez 0-0: Foul Ball, location: 2F
0-1: Ball
1-1: Ball
2-1: Foul Ball, location: 2F
2-2: Foul Ball, location: 2F
2-2: Foul Ball, location: 2F
2-2: Fly out, F8 (Flyball, 78M)
Top of the 4th over - 0 runs, 1 hit, 0 errors, 1 left on base; Mercer Island 1 - Tacoma 0
BOTTOM OF THE 4TH
Tacoma Fur Traders batting - Pitching for Mercer Island Screaming Eagles : RHP Harrison Tuff
Batting: RHB Michael Palledorous 0-0: Foul Ball, location: 2F
0-1: Ball
1-1: Fly out, F8 (Flyball, 8RM)
Batting: RHB Daryl Yandell 0-0: Called Strike
0-1: Ball
1-1: Foul Ball, location: 2F
1-2: Ball
2-2: Fly out, F8 (Flyball, 8RM)
Batting: RHB Amon-Ra St. Brown 0-0: Ball
1-0: Called Strike
1-1: Ground out 5-3 (Groundball, 56)
Bottom of the 4th over - 0 runs, 0 hits, 0 errors, 0 left on base; Mercer Island 1 - Tacoma 0
TOP OF THE 5TH
Mercer Island Screaming Eagles batting - Pitching for Tacoma Fur Traders : LHP Domingo Montémayor
Batting: SHB Edward Sterrenburg 0-0: Ball
1-0: Called Strike
1-1: Called Strike
1-2: Ground out 3-1 (Groundball, 34)
Batting: RHB Stanley van de Ven 0-0: Ball
1-0: Ball
2-0: Called Strike
2-1: Ball
3-1: Base on Balls
Batting: RHB Edwin Berns 0-0: Called Strike
0-1: Ball
1-1: Foul Ball, location: 2F
1-2: Ball
Stanley van de Ven steals 2nd base
2-2: Ball
3-2: Foul Ball, location: 2F
3-2: Fly out, F9 (Flyball, 9S)
Batting: RHB Pedro Hernández 0-0: Foul Ball, location: 2F
0-1: SINGLE (Groundball, 56S) (infield hit)
Stanley van de Ven to third
Batting: RHB António Ramírez 0-0: Ball
1-0: Called Strike
1-1: Ball
2-1: Called Strike
2-2: Ball
Pedro Hernández steals 2nd base
3-2: Ground out 6-3 (Groundball, 6)
Top of the 5th over - 0 runs, 1 hit, 0 errors, 2 left on base; Mercer Island 1 - Tacoma 0
BOTTOM OF THE 5TH
Tacoma Fur Traders batting - Pitching for Mercer Island Screaming Eagles : RHP Harrison Tuff
Batting: RHB Mike Case 0-0: Fly out, F8 (Flyball, 8LXD)
Batting: RHB Alan Patterson 0-0: Ball
1-0: Called Strike
1-1: Ground out 1-3 (Groundball, 13)
Batting: RHB Ricardo Sandoval 0-0: Foul Ball, location: 2F
0-1: Ball
1-1: Ground out 5-3 (Groundball, 56S)
Bottom of the 5th over - 0 runs, 0 hits, 0 errors, 0 left on base; Mercer Island 1 - Tacoma 0
TOP OF THE 6TH
Mercer Island Screaming Eagles batting - Pitching for Tacoma Fur Traders : LHP Domingo Montémayor
Batting: SHB Ray Davis 0-0: Foul Ball, location: 2F
0-1: Called Strike
0-2: Foul Ball, location: 2F
0-2: Foul Ball, location: 2F
0-2: Ball
1-2: Foul Ball, location: 2F
1-2: Ball
2-2: Foul Ball, location: 2F
2-2: Ball
3-2: Ground out U3 (Groundball, 3)
Batting: RHB Raúl Moreno 0-0: Ball
1-0: Foul Ball, location: 2F
1-1: Ball
2-1: Ball
3-1: Called Strike
3-2: Fly out, F9 (Flyball, 89M)
Batting: RHB Wade Killefer 0-0: Ball
1-0: Ball
2-0: Ball
3-0: Called Strike
3-1: Called Strike
3-2: Fly out, F9 (Flyball, 89D)
Top of the 6th over - 0 runs, 0 hits, 0 errors, 0 left on base; Mercer Island 1 - Tacoma 0
BOTTOM OF THE 6TH
Tacoma Fur Traders batting - Pitching for Mercer Island Screaming Eagles : RHP Harrison Tuff
Batting: RHB Bill Perkins 0-0: Ball
1-0: Fly out, F7 (Flyball, 78M)
Batting: RHB Gerardo Herváz 0-0: Ball
1-0: Ball
2-0: Called Strike
2-1: Fly out, F8 (Flyball, 8LXD)
Batting: RHB Jeremy Geertsen 0-0: Called Strike
0-1: Ball
1-1: Ball
2-1: Ground out 6-3 (Groundball, 56)
Bottom of the 6th over - 0 runs, 0 hits, 0 errors, 0 left on base; Mercer Island 1 - Tacoma 0
TOP OF THE 7TH
Mercer Island Screaming Eagles batting - Pitching for Tacoma Fur Traders : LHP Domingo Montémayor
Batting: RHB Rubén Vásquez 0-0: Fly out, F7 (Flyball, 7)
Batting: SHB Edward Sterrenburg 0-0: SINGLE (Line Drive, 8LS)
Pitching: LHP Daniel Ryan
Batting: RHB Stanley van de Ven 0-0: Ball
1-0: Called Strike
1-1: Foul Ball, location: 2F
1-2: Foul Ball, location: 2F
1-2: SINGLE (Groundball, 6MD)
Edward Sterrenburg to second
Edward Sterrenburg to third
Pinch Hitting: RHB Jeffery Campbell 0-0: Ball
1-0: Called Strike
1-1: Fly out, F9 (Flyball, 9D)
Runner from 3rd tags up, SCORES, no throw
Batting: RHB Pedro Hernández 0-0: Ball
1-0: Ball
2-0: Ball
3-0: Called Strike
3-1: Base on Balls
Stanley van de Ven to second
Batting: RHB António Ramírez 0-0: Foul Ball, location: 2F
0-1: Ball
1-1: Ball
2-1: Foul Ball, location: 2F
2-2: Strikes out swinging
Top of the 7th over - 1 run, 2 hits, 0 errors, 2 left on base; Mercer Island 2 - Tacoma 0
BOTTOM OF THE 7TH
Tacoma Fur Traders batting - Pitching for Mercer Island Screaming Eagles : RHP Harrison Tuff
Now in LF: Jeffery Campbell
Batting: RHB Michael Palledorous 0-0: Ball
1-0: Ball
2-0: Foul Ball, location: 2F
2-1: Ground out 5-3 (Groundball, 56S)
Batting: RHB Daryl Yandell 0-0: Ball
1-0: Ball
2-0: SINGLE (Flyball, 7S)
Batting: RHB Amon-Ra St. Brown 0-0: Ball
1-0: Called Strike
1-1: Swinging Strike
1-2: Ball
2-2: Grounds into double play, 6-4-3 (Groundball, 6)
Bottom of the 7th over - 0 runs, 1 hit, 0 errors, 0 left on base; Mercer Island 2 - Tacoma 0
TOP OF THE 8TH
Mercer Island Screaming Eagles batting - Pitching for Tacoma Fur Traders : LHP Daniel Ryan
Batting: SHB Ray Davis 0-0: Called Strike
0-1: Called Strike
0-2: Ball
1-2: Foul Ball, location: 2F
1-2: Strikes out swinging
Batting: RHB Raúl Moreno 0-0: Ball
1-0: Called Strike
1-1: SINGLE (Groundball, 6D)
Batting: RHB Wade Killefer 0-0: Called Strike
0-1: Ball
1-1: Fielders Choice at 2nd, 1-4 (Groundball, 15S)
Batting: RHB Rubén Vásquez 0-0: Ball
1-0: Called Strike
1-1: Ground out 5-3 (Groundball, 56S)
Top of the 8th over - 0 runs, 1 hit, 0 errors, 1 left on base; Mercer Island 2 - Tacoma 0
BOTTOM OF THE 8TH
Tacoma Fur Traders batting - Pitching for Mercer Island Screaming Eagles : RHP Harrison Tuff
Batting: RHB Mike Case 0-0: Ball
1-0: Ball
2-0: Foul Ball, location: 2F
2-1: Ball
3-1: Fly out, F6 (Popup, 6)
Batting: RHB Alan Patterson 0-0: Called Strike
0-1: Ground out 4-3 (Groundball, 4)
Batting: RHB Ricardo Sandoval 0-0: Ground out 6-3 (Groundball, 6)
Bottom of the 8th over - 0 runs, 0 hits, 0 errors, 0 left on base; Mercer Island 2 - Tacoma 0
TOP OF THE 9TH
Mercer Island Screaming Eagles batting - Pitching for Tacoma Fur Traders : LHP Daniel Ryan
Pitching: RHP Justin Barber
Batting: SHB Edward Sterrenburg 0-0: Called Strike
0-1: Swinging Strike
0-2: Ball
1-2: Strikes out swinging
Batting: RHB Stanley van de Ven 0-0: Ball
1-0: Ball
2-0: Called Strike
2-1: Swinging Strike
2-2: Ball
3-2: SINGLE (Line Drive, 78S)
Batting: RHB Jeffery Campbell 0-0: Called Strike
0-1: Ball
1-1: Ball
2-1: Ball
3-1: Foul Ball, location: 2F
3-2: Grounds into double play, 1-4-3 (Groundball, 15)
Top of the 9th over - 0 runs, 1 hit, 0 errors, 0 left on base; Mercer Island 2 - Tacoma 0
BOTTOM OF THE 9TH
Tacoma Fur Traders batting - Pitching for Mercer Island Screaming Eagles : RHP Harrison Tuff
Batting: RHB Bill Perkins 0-0: Ground out 6-3 (Groundball, 6M)
Batting: RHB Gerardo Herváz 0-0: Ball
1-0: Fly out, F9 (Flyball, 9S)
Batting: RHB Jeremy Geertsen 0-0: Called Strike
0-1: Ball
1-1: Ball
2-1: Foul Ball, location: 2F
2-2: Strikes out looking
Bottom of the 9th over - 0 runs, 0 hits, 0 errors, 0 left on base; Mercer Island 2 - Tacoma 0
Tuesday, June 12th, 2018 - OOTP Baseball 18.8 Build 76